Map: Submarine LE

Players

INnoVation - Winner!

  • Race: Terran Terran
  • Spawn Location: 11:00

LiquidClem (Clem)

  • Race: Terran Terran
  • Spawn Location: 5:00

Event: StayAtHomestory Cup #2

VOD

Have the link to the VOD?

Description

Time

  • Played on: June 13, 2020, 1:58 p.m.
  • Length: 9:27

All games in this series

Show
View Real Time Build Order
Export as new Build Order

INnoVation Terran - Winner!

Build Orders: Reaper Expand 

Get SALT Encoding   

  12  0:00  SCV  
  13  0:13  SCV  
  14  0:17  Supply Depot  
  14  0:25  SCV  
  15  0:38  SCV  
  15  0:39  Barracks  
  16  0:44  Refinery  
  16  0:50  SCV  
  17  1:03  SCV  
  18  1:15  SCV  
  19  1:27  Orbital Command, Reaper  
  20  1:41  Command Center  
  20  1:52  SCV, Supply Depot  
  21  1:58  Marine  
  22  2:05  Factory  
  22  2:08  SCV  
  23  2:15  Refinery  
  23  2:16  Marine  
  23  2:20  SCV  
  25  2:25  Bunker  
  25  2:32  SCV  
  25  2:34  Marine  
  27  2:47  SCV  
  27  2:49  Hellion, Starport  
  30  2:56  Orbital Command  
  30  2:59  Barracks Reactor  
  30  3:03  SCV  
  31  3:11  Factory Tech Lab  
  31  3:17  SCV  
  32  3:21  Refinery  
  32  3:23  SCV  
  33  3:29  SCV  
  34  3:35  Marine  
  34  3:36  Marine  
  34  3:37  Raven  
  34  3:38  SCV, Factory Tech Lab  
  34  3:40  Supply Depot  
  39  3:41  SCV  
  39  3:50  SCV  
  39  3:53  SCV, Marine x2  
  39  3:54  Supply Depot  
  43  4:00  Siege Tank  
  46  4:03  SCV  
  46  4:05  SCV  
  48  4:11  Marine x2  
  48  4:15  SCV  
  48  4:16  Supply Depot  
  51  4:17  SCV  
  51  4:20  Raven  
  54  4:28  SCV  
  54  4:30  SCV, Marine x2  
  58  4:35  Siege Tank  
  61  4:40  SCV  
  61  4:41  Supply Depot  
  61  4:42  SCV  
  63  4:47  Command Center  
  63  4:49  Marine x2  
  65  4:52  Refinery  
  65  4:54  SCV x2  
  67  5:04  Supply Depot  
  67  5:06  SCV x2  
  69  5:08  Siege Tank  
  72  5:18  SCV x2  
  72  5:19  Viking x2  
  78  5:21  Stimpack  
  78  5:25  Marine  
  78  5:26  Supply Depot  
  79  5:33  SCV x2  
  81  5:37  Barracks  
  81  5:44  Barracks  
  81  5:49  SCV, Viking x2  
  82  5:50  SCV  
  82  5:51  Siege Tank  
  82  5:55  Marine  
  85  6:00  Orbital Command  
  85  6:03  SCV x2  
  81  6:09  Engineering Bay  
  81  6:10  Engineering Bay  
  79  6:15  Marine  
  79  6:19  Viking x2  
  79  6:21  SCV x2  
  81  6:28  Orbital Command  
  81  6:30  Siege Tank  
  82  6:36  SCV x2  
  81  6:40  Barracks Reactor x2  
  81  6:41  Terran Infantry Weapons Level 1  
  81  6:44  Terran Infantry Armor Level 1  
  81  6:48  SCV x2  
  83  6:56  Barracks  
  83  6:57  Viking  
  83  6:59  Viking  
  83  7:00  Barracks  
  87  7:04  SCV x3  
  90  7:11  Siege Tank  
  90  7:12  Marine  
  93  7:16  SCV x3, Supply Depot  
  93  7:18  Marine x4  
  93  7:21  Combat Shield  
  100  7:28  SCV x2  
  100  7:29  SCV  
  103  7:30  Marine  
  103  7:36  Marine x4  
  104  7:39  Medivac x2  
  104  7:41  SCV x3  
  104  7:42  Refinery  
  104  7:43  Refinery, Supply Depot  
  111  7:45  Supply Depot x2  
  111  7:48  Marine, Barracks Reactor  
  111  7:49  Barracks Reactor  
  111  7:53  SCV x3  
  111  7:56  Supply Depot  
  114  8:03  Missile Turret  
  114  8:04  Armory  
  114  8:06  Supply Depot  
  114  8:07  Supply Depot  
  114  8:08  Marine x5  
  114  8:12  Siege Tank  
  122  8:18  Medivac  
  124  8:21  Medivac  
  124  8:26  Marine x8  
  132  8:29  Supply Depot  
  135  8:36  SCV  
  135  8:37  SCV, Sensor Tower  
  136  8:44  Siege Tank, Marine x7  
  136  8:48  Factory, Barracks Reactor  
  146  8:54  Command Center  
  146  9:02  Marine  
  145  9:03  Marine x6  
Show
View Real Time Build Order
Export as new Build Order

LiquidClem Terran 

Build Orders:  

Get SALT Encoding   

  12  0:00  SCV  
  13  0:13  SCV  
  14  0:17  Supply Depot  
  14  0:25  SCV  
  15  0:29  Refinery  
  15  0:38  SCV  
  16  0:44  Barracks  
  16  0:50  SCV  
  16  0:55  Refinery  
  17  1:02  SCV  
  18  1:14  SCV  
  19  1:31  Factory, Orbital Command  
  19  1:34  Reaper  
  20  1:43  Supply Depot  
  20  1:56  SCV  
  21  2:06  Reaper  
  22  2:08  SCV  
  23  2:16  Hellion  
  23  2:22  Command Center  
  25  2:26  SCV  
  26  2:35  Starport  
  26  2:38  Hellion  
  26  2:40  SCV  
  26  2:42  Barracks Reactor  
  29  2:48  Supply Depot  
  29  2:52  SCV  
  30  3:04  SCV  
  30  3:06  Factory Tech Lab  
  30  3:16  SCV  
  31  3:20  Marine x2  
  31  3:26  Refinery  
  33  3:29  SCV  
  33  3:31  Factory Tech Lab  
  33  3:34  Raven  
  34  3:35  Orbital Command  
  34  3:41  SCV, Marine x2  
  37  3:45  Supply Depot  
  39  3:53  SCV, Siege Tank  
  43  3:59  Marine  
  43  4:01  Supply Depot  
  43  4:02  SCV  
  45  4:07  SCV  
  46  4:14  SCV  
  47  4:19  SCV  
  47  4:21  Supply Depot  
  47  4:23  Viking  
  50  4:26  SCV, Viking  
  53  4:31  SCV  
  53  4:34  Siege Tank  
  53  4:36  Marine  
  58  4:40  SCV  
  58  4:43  SCV  
  60  4:46  Supply Depot  
  60  4:47  Stimpack  
  60  4:52  SCV  
  61  4:53  Viking  
  61  4:58  Viking  
  65  5:00  Marine  
  65  5:02  SCV  
  65  5:04  SCV  
  68  5:09  Supply Depot  
  68  5:13  Siege Tank  
  71  5:16  SCV, Supply Depot  
  71  5:17  SCV, Marine  
  74  5:23  Viking  
  74  5:28  SCV  
  77  5:29  SCV  
  77  5:31  Viking  
  80  5:40  Marine  
  72  5:50  SCV x2  
  72  5:52  Siege Tank  
  70  5:58  Marine  
  70  6:03  Viking  
  70  6:04  Barracks  
  65  6:05  Barracks  
  65  6:06  Viking  
  65  6:07  SCV  
  65  6:08  SCV  
  65  6:10  Refinery  
  68  6:16  Marine  
  69  6:22  Command Center  
  69  6:25  SCV  
  69  6:29  Siege Tank  
  68  6:34  Marine  
  68  6:36  Command Center  
  68  6:39  Combat Shield  
  70  6:41  SCV  
  70  6:50  Barracks  
  70  6:51  Barracks, Marine  
  70  6:54  Barracks Reactor  
  71  6:55  SCV x2  
  71  7:00  Starport Reactor  
  71  7:01  Marine x2  
  73  7:03  Siege Tank  
  73  7:07  SCV x2  
  80  7:09  Marine  
  80  7:13  Engineering Bay  
  80  7:14  Engineering Bay  
  81  7:20  Marine x2, Supply Depot  
  81  7:21  SCV  
  84  7:27  Marine, Supply Depot  
  85  7:31  Marine x2  
  85  7:34  SCV  
  84  7:37  Siege Tank, Marine x2  
  84  7:38  Barracks Reactor  
  84  7:40  Barracks Reactor  
  89  7:45  Marine  
  90  7:52  SCV  
  90  7:55  Marine x3  
  90  7:57  Marine  
  95  8:00  Medivac  
  95  8:03  Medivac  
  99  8:07  Orbital Command  
  99  8:08  SCV  
  99  8:09  SCV  
  99  8:12  Marine  
  102  8:17  Siege Tank  
  105  8:20  SCV, Marine x3  
  105  8:21  SCV  
  105  8:22  Marine x2  
  105  8:23  Marine  
  105  8:26  Marine x2  
  115  8:31  Supply Depot  
  115  8:32  SCV  
  115  8:33  SCV, Marine  
  119  8:34  SCV  
  119  8:38  Marine x2  
  119  8:40  Marine x3  
  119  8:41  Marine, Supply Depot  
  124  8:44  SCV, Marine x2  
  124  8:45  SCV  
  124  8:46  SCV  
  129  8:49  Armory  
  129  8:50  Refinery  
  129  8:51  Refinery  
  132  8:55  Sensor Tower  
  132  8:56  SCV  
  132  8:58  Marine  
  132  9:02  Marine x2  
  130  9:11  SCV  
Tags
 
Add a new tag
Caveats
  • Supply blocks, unpowered buildings, or Contaminate may cause inaccurate times.
  • Supply counts are checked every 10 seconds.